 Dungeon Crawl Stone Soup version 0.21.1-1-g345015fe64 (webtiles) character file.

328922 Goboxel the Warrior (level 20, -14/166 HPs)
             Began as a Demonspawn Gladiator on Apr 24, 2018.
             Was the Champion of Yredelemnul.
             Demolished by a cyan very ugly thing (16 damage)
             ... on level 5 of the Vaults on Apr 25, 2018.
             The game lasted 02:51:31 (46111 turns).

Goboxel the Warrior (Demonspawn Gladiator)         Turns: 46111, Time: 02:51:32

Health: -14/166    AC:  4    Str: 27    XL:     20   Next: 81%
Magic:  0/32       EV: 28    Int: 13    God:    Yredelemnul [******]
Gold:   2835       SH: 25    Dex: 23    Spells: 30/35 levels left

rFire    + + +     SeeInvis +   Q - +5 demon blade (drain)
rCold    + + .     Gourm    .   T - +2 shield of Resistance {rF+ rC+ MR+}
rNeg     + + .     Faith    .   z - +2 swamp dragon scales
rPois    +         Spirit   +   (helmet unavailable)
rElec    +         Reflect  +   v - scarf {cloud immunity}
rCorr    .         Harm     .   o - +0 pair of gloves of Vicabo {rF+++ Str+2 Stlth-}
MR       ++...                  B - +1 pair of boots "Dunli" {rN+ Str+3 Dex+3}
Stlth    +++.......             O - brooch of Shielding {Reflect SH+8}
HPRegen  0.37/turn              G - ring "Goxuvaf" {rF+ Str+5 Int+2 SInv}
MPRegen  0.46/turn              u - ring "Puawn" {rElec rN+}

@: about to teleport, corroded
A: hooves 1, horns 3, repulsion field 2, cold resistance 1, demonic guardian 2,
magic shield, magic regeneration, magic link
}: 2/15 runes: decaying, serpentine
a: Recall Undead Slaves, Injury Mirror, Animate Dead, Drain Life, Enslave Soul,
Renounce Religion


You were on level 5 of the Vaults.
You worshipped Yredelemnul.
Yredelemnul was exalted by your worship.
You were not hungry.

You visited 9 branches of the dungeon, and saw 41 of its levels.
You also visited: Labyrinth, Ice Cave and Volcano.

You collected 4924 gold pieces.
You spent 2089 gold pieces at shops.

Inventory:

Hand Weapons
 a - the +6 double sword of Iva Enic {vamp, *Noise +Inv rC+ Str+4}
   (You acquired it on level 3 of the Snake Pit)

   It inflicts no extra harm, but heals its wielder when it wounds a living foe.
   It affects your strength (+4).
   It protects you from cold.
   It lets you turn invisible.
   It may make noises in combat.
 b - a +2 scimitar of electrocution
 r - a +3 antimagic demon whip
 Q - a +5 demon blade of draining (weapon)
 Y - a +6 scimitar of flaming
Armour
 d - a +2 cloak of magic resistance
 o - the +0 pair of gloves of Vicabo (worn) {rF+++ Str+2 Stlth-}
   (You acquired it on level 4 of the Swamp)

   It affects your strength (+2).
   It renders you almost immune to fire.
   It makes you less stealthy.
 v - a scarf of cloud immunity (worn)
 z - +2 swamp dragon scales (worn)
 B - the +1 pair of boots "Dunli" (worn) {rN+ Str+3 Dex+3}
   (You found it on level 6 of the Lair of Beasts)

   It affects your strength (+3).
   It affects your dexterity (+3).
   It protects you from negative energy.
 F - the +1 pair of gloves of Hedge Wizardry {Int+2 Dex+4 SInv}
   (You found it on level 9 of the Dungeon)

   It affects your intelligence (+2).
   It affects your dexterity (+4).
   It lets you see invisible.
 T - the +2 shield of Resistance (worn) {rF+ rC+ MR+}
   (You bought it in a shop on level 1 of the Orcish Mines)

   It protects you from fire.
   It protects you from cold.
   It affects your resistance to hostile enchantments.
Jewellery
 u - the ring "Puawn" (right hand) {rElec rN+}
   (You found it in an ice cave)

   [ring of positive energy]

   It insulates you from electricity.
   It protects you from negative energy.
 D - an uncursed ring of flight
 G - the ring "Goxuvaf" (left hand) {rF+ Str+5 Int+2 SInv}
   (You took it off a vault sentinel on level 1 of the Vaults)

   [ring of strength]

   It affects your strength (+5).
   It affects your intelligence (+2).
   It protects you from fire.
   It lets you see invisible.
 O - the brooch of Shielding (around neck) {Reflect SH+8}
   (You found it in a labyrinth)

   [amulet of reflection]

   It shields you and reflects attacks.
   It affects your SH (+8).
 P - the ring "Iphazxuss" {rF+ Dex+2 Stlth+}
   (You found it in a labyrinth)

   [ring of stealth]

   It affects your dexterity (+2).
   It protects you from fire.
   It makes you more stealthy.
 R - an uncursed amulet of harm {unknown}
Wands
 c - a wand of polymorph (11)
 j - a wand of iceblast (10)
 C - a wand of clouds (14)
 I - a wand of flame (25)
 V - a wand of paralysis (62)
 W - a wand of acid (19)
 X - a wand of digging (10)
Scrolls
 h - 9 scrolls of teleportation
 k - a scroll of silence {unknown}
 l - 2 scrolls of amnesia
 n - 17 scrolls of remove curse
 s - 3 scrolls of fear
 t - 2 scrolls of fog
 w - a scroll of enchant weapon
 y - 4 scrolls of identify
 A - 3 scrolls of magic mapping
 K - 3 scrolls of summoning
 M - a scroll of enchant armour
Potions
 e - 3 potions of berserk rage
 g - a potion of flight
 i - 5 potions of cancellation
 m - 3 potions of mutation
 p - 6 potions of agility
 q - 2 potions of resistance
 x - 11 potions of curing
 E - 2 potions of ambrosia
 H - 7 potions of might
 J - 2 potions of magic
 L - 2 potions of haste
 N - 2 potions of invisibility
Comestibles
 f - 42 rations


   Skills:
 + Level 16.7 Fighting
   Level 5.3(11.9) Short Blades
 + Level 16.0(16.2) Long Blades
 - Level 1.7 Throwing
 + Level 15.6 Dodging
 - Level 9.8 Stealth
 + Level 13.6 Shields
 - Level 8.0 Spellcasting
 - Level 8.0 Charms
 - Level 7.0 Ice Magic
 - Level 12.0 Invocations


You had 30 spell levels left.
You knew the following spells:

 Your Spells              Type           Power        Failure   Level  Hunger
a - Song of Slaying       Chrm           ####....     1%          2    None
b - Ozocubu's Armour      Chrm/Ice       ###.....     3%          3    ##.....


Dungeon Overview and Level Annotations

Branches:
Dungeon (15/15)            Temple (1/1) D:7            Lair (6/6) D:9
  Swamp (4/4) Lair:3        Snake (4/4) Lair:3        Slime (1/5) Lair:6
    Orc (2/2) D:10            Elf (0/3) Orc:2        Vaults (5/5) D:13
  Crypt (3/3) Vaults:3       Tomb (0/3) Crypt:3      Depths (0/5) D:15

Altars:
Dithmenos
Fedhas
Kikubaaqudgha
Ru
Sif Muna
Trog
Uskayaw
Vehumet
Yredelemnul
Zin
Beogh

Shops:
D:9 *(}*   D:12 *   D:14 (   Orc:1 [   Orc:2 ?*([   Vaults:1 :   Vaults:3 ?

Portals:
Trove: Vaults:3 (give +7 demon whip)

Annotations:
Lair:3 exclusion: oklob plant


Innate Abilities, Weirdness & Mutations

You have a pair of large horns on your head.
You are surrounded by a moderate repulsion field. (EV +3)
A demonic guardian rushes to your aid.
When hurt, damage is shared between your health and your magic reserves.
You regenerate magic rapidly.
When low on magic, you restore magic in place of health.
You have large cloven feet.
Your flesh is cold resistant. (rC+)


Message History

Unknown command.
Unknown command.
Unknown command.
Unknown command.
Unknown command.
As you read the scroll of teleportation, it crumbles to dust.
You feel strangely unstable.
The war gargoyle hits you with a great mace!!!
* * * LOW HITPOINT WARNING * * *
You block the yaktaur captain's attack. You block the shadow dragon's attack.
The shadow dragon claws you but does no damage.
The shadow dragon misses you.
The ogre mage hits you but does no damage.
The vault sentinel blows a loud note on a signal horn! x2
The vault guard completely misses you.
You riposte.
You slash the vault guard! Your headbutt misses the vault guard.
The vault guard is moderately wounded.
The cyan very ugly thing bites you!
You die...
Your body rises from the dead as a mindless zombie.

..#....#....#
#.#....#...#
#.#....#..#
.###.#....#..##O
.........)(....D
#####[(WOW((.######
......up<9c(.......
....[pWCcDO).......
....pucu@9pO(......
.....uDXpps(.......
#####CpHQ9ap(######
..[..W*s...#
....[#....#..#
......#....#...#
......#....#....#
......#....#.....


You could see 2 shadow dragons, a tentacled monstrosity, 2 very ugly things, a
fire giant, a sphinx, 2 vault wardens, a tengu reaver, 3 yaktaur captains, a
vault guard, an entropy weaver, 2 ugly things, a hell knight, a two-headed ogre,
an ogre mage, 3 war gargoyles, 3 vault sentinels, a cyclops shaped shifter, 3
phantasmal warriors, an ironbrand convoker, a freezing wraith, 2 redbacks, an
ogre and a battlesphere.

Vanquished Creatures
  Margery (Vaults:3)
  Jory (Crypt:1)
  A bone dragon (Crypt:3)
  2 liches
  Asterion (Snake:3)
  An ancient champion (Crypt:3)
  Kirke (Snake:3)
  Donald (Crypt:1)
  A storm dragon (Vaults:1)
  3 nagarajas
  2 revenants
  A fire giant (Vaults:5)
  Louise (Snake:3)
  An emperor scorpion (D:15)
  3 vault wardens
  2 curse skulls
  2 ironheart preservers
  5 vampire knights
  A reaper (IceCv)
  A very ugly thing (Vaults:5)
  2 stone giants
  An entropy weaver (Vaults:5)
  A dire elephant (D:15)
  A deep elf death mage (Crypt:2)
  14 jiangshi
  Josephine (Lair:5)
  A minotaur (Lab)
  4 yaktaur captains
  7 naga warriors
  7 hydras
  A great orb of eyes (Vaults:2)
  14 vault guards
  A ghost crab (Swamp:2)
  2 centaur warriors
  18 two-headed ogres
  A death knight (Crypt:2)
  5 anacondas
  An alligator (Swamp:3)
  2 vampire magi
  6 ogre magi
  A hell knight (Volcano)
  3 shock serpents
  6 naga sharpshooters
  A deep elf knight (Vaults:1)
  A shadow wraith (Crypt:3)
  3 orc high priests (Orc:2)
  5 skeletal warriors
  A glowing orange brain (Vaults:1)
  2 unseen horrors (D:13)
  2 deep trolls
  A swamp dragon (Swamp:4)
  2 naga ritualists
  A spriggan druid (Swamp:4)
  A wizard (Vaults:2)
  2 flayed ghosts
  7 ironbrand convokers
  2 orc knights
  Pikel (D:5)
  3 mana vipers
  5 necromancers
  3 harpies
  2 deep elf archers (Vaults:1)
  A phantasmal warrior (Crypt:1)
  15 ugly things
  A wolf spider (Vaults:1)
  A cyclops (Vaults:1)
  3 orc sorcerers
  4 elephants (Lair:6)
  5 salamanders
  5 vault sentinels
  A stone giant skeleton (Vaults:2)
  Maurice (Orc:2)
  10 naga magi
  2 ice statues (IceCv)
  16 black mambas
  The ghost of DildoBatman the Skirmisher, a novice FoEn (D:6)
  3 guardian serpents
  5 spiny frogs
  A gargoyle (D:11)
  A dire elephant zombie (Crypt:3)
  A rime drake (Lair:2)
  9 komodo dragons
  An efreet (D:14)
  12 yaktaurs
  A guardian mummy (Vaults:3)
  8 ice devils (IceCv)
  5 freezing wraiths
  2 meliai (D:14)
  2 wind drakes (Lair:6)
  2 polar bears (Lair:6)
  A jumping spider (shapeshifter) (Vaults:4)
  4 trolls
  The ghost of Delanovic the Conjurer, a novice FeCj (D:5)
  2 hornets
  2 tyrant leeches (Swamp:2)
  2 hippogriffs
  A hippogriff (shapeshifter) (Vaults:4)
  4 bog bodies
  2 dream sheep (Lair:3)
  A stone giant simulacrum (Vaults:1)
  5 blink frogs
  11 slime creatures
  5 shadows
  22 flying skulls
  A spriggan (D:7)
  A centaur simulacrum (D:15)
  A yak (shapeshifter) (Vaults:5)
  2 wyverns
  4 wraiths
  24 yaks
  4 basilisks
  2 steam dragons
  A large abomination (Crypt:3)
  4 vampire mosquitoes
  2 wargs
  15 nagas
  2 insubstantial wisps (Swamp:4)
  2 swamp worms (Lair:3)
  A naga (shapeshifter) (Vaults:1)
  2 soldier ants
  3 water moccasins
  An acid dragon (Vaults:1)
  9 porcupines
  A human zombie (Vaults:2)
  4 swamp drakes
  8 ice beasts
  An alligator simulacrum (Swamp:1)
  20 orc warriors
  3 black bears
  16 ogres
  17 wolves
  An ogre (shapeshifter) (Vaults:4)
  A necrophage (Crypt:3)
  A phantom (D:13)
  15 centaurs
  7 crocodiles
  15 bullfrogs
  4 big kobolds
  An earth elemental (Lab)
  A gnoll sergeant (D:10)
  A water moccasin zombie (D:8)
  A yak zombie (Lair:1)
  4 scorpions
  A water moccasin skeleton (D:5)
  3 killer bees (D:9)
  3 electric eels
  A spriggan skeleton (Lab)
  6 wights
  4 howler monkeys
  A troll skeleton (Lab)
  5 crimson imps
  10 hounds
  5 jellies
  A small abomination (Crypt:3)
  14 orc priests
  20 orc wizards
  2 bullfrog skeletons
  2 centaur skeletons
  3 iguanas
  4 worker ants
  A naga zombie (Crypt:1)
  A felid zombie (Crypt:1)
  An ogre skeleton (Lab)
  A howler monkey zombie (D:6)
  10 gnolls
  11 adders
  3 shadow imps
  5 white imps (IceCv)
  3 ufetubi (IceCv)
  2 oozes
  An adder skeleton (D:5)
  An iguana zombie (Crypt:1)
  4 worms
  4 dart slugs
  5 leopard geckos
  89 orcs
  A giant cockroach (D:3)
  3 goblins
  6 hobgoblins
  9 jackals
  2 quokkas
  4 ball pythons (D:3)
  7 bats
  4 frilled lizards
  A jackal zombie (D:7)
  11 kobolds
  7 rats
  3 fungi
847 creatures vanquished.

Vanquished Creatures (collateral kills)
  An ancient lich (Crypt:2)
  Mennas (Vaults:3)
  Vashnia (Snake:2)
  the Lernaean hydra (Swamp:4)
  A profane servitor (Crypt:3)
  Nikola (Snake:1)
  Jorgrun (Snake:2)
  Rupert (Orc:2)
  A quicksilver dragon (Vaults:5)
  3 ancient champions (Crypt:2)
  A thorn hunter (Swamp:1)
  A sphinx (Vaults:2)
  2 shadow dragons (Vaults:5)
  Roxanne (Swamp:3)
  4 nagarajas (Snake:4)
  4 revenants
  2 fire giants
  An orc warlord (Orc:2)
  A deep elf sorcerer (Vaults:4)
  An iron dragon (Vaults:4)
  Aizul (Snake:2)
  5 vault wardens
  2 curse skulls
  2 ghouls
  The ghost of tensugalgo the Bludgeoner, a journeyman GrGl of Okawaru (D:15)
  4 stone giants
  7 ironheart preservers
  4 entropy weavers
  5 vampire knights
  2 deep elf annihilators (Vaults:4)
  An eidolon (Crypt:2)
  20 jiangshi
  A fire dragon (Vaults:2)
  2 deep elf death magi
  2 great orbs of eyes
  5 yaktaur captains
  18 naga warriors
  9 hydras
  24 vault guards
  A rakshasa (Vaults:1)
  4 centaur warriors
  3 ghost crabs
  A merfolk avatar (Lair:6)
  5 ogre magi
  10 anacondas
  6 alligators
  5 vampire magi
  4 death knights
  A deep troll earth mage (Vaults:2)
  A queen ant (D:13)
  21 two-headed ogres
  5 naga sharpshooters
  2 soul eaters (Crypt:2)
  6 deep elf knights
  Sonja (D:14)
  3 shadow wraiths
  4 shock serpents
  8 hell knights
  14 skeletal warriors
  A sea snake (Lair:6)
  6 salamander mystics (Snake:4)
  2 wizards
  A shadow dragon zombie (Crypt:1)
  2 spriggan druids
  7 swamp dragons (Swamp:4)
  A flayed ghost (Crypt:3)
  2 phantasmal warriors (Crypt:2)
  2 deep elf archers
  2 deep elf magi (Vaults:4)
  6 deep trolls
  4 lindwurms (Snake:4)
  2 spectral hydras (Crypt:3)
  8 ironbrand convokers
  6 orc knights
  A harpy (Vaults:1)
  6 naga ritualists
  16 ugly things
  5 necromancers
  A large abomination (Crypt:3)
  5 wolf spiders
  12 mana vipers
  An orc sorcerer (Orc:2)
  4 cyclopes
  7 salamanders
  A manticore (Lair:6)
  2 centaur zombies
  8 elephants
  A gargoyle (D:13)
  9 vault sentinels
  18 naga magi
  12 guardian serpents
  20 spiny frogs
  33 black mambas
  A swamp worm zombie (Swamp:1)
  A human zombie (Vaults:2)
  23 yaktaurs
  7 rime drakes
  4 komodo dragons
  The ghost of htuhola the Cutter, a novice HaAK of Lugonu (D:3)
  A komodo dragon (shapeshifter) (Vaults:1)
  6 freezing wraiths
  A black draconian skeleton (Crypt:2)
  2 jumping spiders
  A meliai (D:14)
  A wind drake (Lair:6)
  A hydra zombie (Swamp:1)
  6 hornets
  4 trolls
  4 polar bears
  4 tyrant leeches
  16 blink frogs
  6 hippogriffs
  11 bog bodies
  A blink frog (shapeshifter) (Vaults:4)
  An alligator skeleton (Crypt:1)
  10 dream sheep
  A fire giant simulacrum (Crypt:3)
  11 slime creatures
  An ice dragon zombie (Crypt:2)
  38 flying skulls
  A tarantella (shapeshifter) (Vaults:4)
  2 tarantellas
  4 redbacks
  38 yaks
  2 spriggans
  4 shadows
  6 wraiths
  2 wyverns (Lair:6)
  2 basilisks
  11 vampire mosquitoes
  A merfolk zombie (Crypt:1)
  A glowing shapeshifter zombie (Crypt:2)
  16 swamp worms
  A deep troll zombie (Crypt:1)
  An insubstantial wisp (Swamp:4)
  A gelid demonspawn zombie (Crypt:1)
  36 nagas
  18 soldier ants (D:13)
  3 wargs
  A spiny frog zombie (Crypt:2)
  5 water moccasins
  8 swamp drakes
  4 porcupines
  34 orc warriors
  A phantom (D:13)
  25 ogres
  3 necrophages (Crypt:3)
  A small abomination (Crypt:3)
  10 centaurs
  A sky beast (D:8)
  An eye of draining (D:14)
  3 wolves
  A swamp dragon skeleton (Crypt:2)
  4 crocodiles
  A salamander zombie (Crypt:2)
  Blork the orc (D:5)
  A komodo dragon zombie (Swamp:1)
  A hippogriff zombie (Crypt:2)
  6 bullfrogs
  A water moccasin zombie (Swamp:1)
  A wyvern skeleton (D:10)
  2 scorpions
  A swamp dragon simulacrum (Swamp:1)
  An orc simulacrum (Vaults:1)
  An electric eel (D:11)
  2 killer bees (D:9)
  3 wights (Crypt:2)
  2 crimson imps
  2 human simulacra
  6 orc priests
  A jelly (D:9)
  17 orc wizards
  3 centaur skeletons
  Ijyb (D:3)
  14 worker ants (D:13)
  A dwarf zombie (Crypt:2)
  A dwarf skeleton (Crypt:1)
  A hound skeleton (Crypt:2)
  2 gnolls
  3 shadow imps
  3 white imps (IceCv)
  An adder skeleton (D:8)
  A worm (D:4)
  45 orcs
  2 jackals
  4 kobolds (D:13)
  2 rats (D:3)
  38 fungi
  21 plants
1073 creatures vanquished.

Vanquished Creatures (others)
  3 bone dragons
  5 profane servitors
  3 ghouls
  An ironheart preserver (Vaults:5)
  8 vampire knights
  An anaconda (Snake:1)
  3 naga sharpshooters
  8 skeletal warriors
  8 flayed ghosts
  An anaconda zombie (Snake:2)
  6 ugly thing zombies
  An ironbrand convoker (Vaults:5)
  7 phantasmal warriors
  A shock serpent zombie (Snake:4)
  A yaktaur (Vaults:3)
  A swamp worm zombie (Swamp:4)
  A hydra zombie (D:11)
  A harpy zombie (Lair:6)
  A troll (D:10)
  2 guardian serpent zombies
  A spriggan (Swamp:1)
  3 black mamba zombies
  8 flying skulls
  A wraith (D:13)
  7 vampires
  13 naga zombies
  16 human zombies
  A naga (Snake:2)
  2 two-headed ogre zombies (Vaults:3)
  2 spiny frog zombies (Lair:3)
  A hornet zombie (Vaults:3)
  3 dream sheep zombies (Lair:3)
  2 blink frog zombies
  2 elephant zombies (Lair:6)
  A centaur (Volcano)
  An elephant skeleton (Lair:6)
  2 vampire mosquito zombies
  5 yaktaur zombies
  2 komodo dragon zombies
  2 wyvern zombies
  3 water moccasin zombies
  A troll zombie (D:11)
  A polar bear zombie (Lair:6)
  7 yak zombies
  A wight (Lair:3)
  3 wolf zombies
  3 centaur zombies
  A wolf skeleton (Lair:1)
  3 bullfrog zombies
  2 soldier ant zombies
  A centaur skeleton (Lair:5)
  An orc wizard (Orc:2)
  A porcupine skeleton (D:9)
  A big kobold zombie (D:13)
  2 ogre zombies
  A hound zombie (D:13)
  A necrophage skeleton (Crypt:3)
  A mummy (D:11)
  A howler monkey zombie (D:10)
  4 worker ant zombies
  A swamp drake zombie (Swamp:4)
  5 white imps (IceCv)
  5 ufetubi (IceCv)
  20 orc zombies
  2 jackal zombies (D:11)
  2 kobold zombies (D:13)
  An orc skeleton (D:11)
  A quokka skeleton (D:11)
  12 fungi
  17 plants
243 creatures vanquished.

Grand Total: 2163 creatures vanquished

Notes
Turn   | Place    | Note
-------+----------+-------------------------------------------
     0 | D:1      | Goboxel the Demonspawn Gladiator began the quest for the Orb.
     0 | D:1      | Reached XP level 1. HP: 16/16 MP: 1/1
   183 | D:1      | Gained mutation: A weak demonic guardian rushes to your aid. [demonic ancestry]
   183 | D:1      | Reached XP level 2. HP: 21/22 MP: 2/2
   768 | D:1      | Gained mutation: You have a pair of small horns on your head. [demonic ancestry]
   768 | D:1      | Reached XP level 3. HP: 17/28 MP: 3/3
  1339 | D:2      | Found a shadowy altar of Dithmenos.
  1520 | D:2      | Found a bloodstained altar of Trog.
  1531 | D:2      | Reached XP level 4. HP: 31/34 MP: 4/4
  1641 | D:3      | Noticed htuhola's ghost (novice HaAK)
  1700 | D:3      | Killed htuhola's ghost
  1700 | D:3      | Reached XP level 5. HP: 9/41 MP: 5/5
  1700 | D:3      | Gained mutation: When hurt, damage is shared between your health and your magic reserves. [demonic ancestry]
  1700 | D:3      | Reached XP level 6. HP: 10/47 MP: 6/6
  2300 | D:3      | Noticed Ijyb
  2314 | D:3      | Killed Ijyb
  2314 | D:3      | Reached skill level 5 in Long Blades
  3186 | D:4      | Gained mutation: You are surrounded by a mild repulsion field. (EV +2) [demonic ancestry]
  3186 | D:4      | Reached XP level 7. HP: 18/54 MP: 2/7
  3652 | D:4      | Found a glowing silver altar of Zin.
  3785 | D:4      | Found a sacrificial altar of Ru.
  4091 | D:5      | Entered Level 5 of the Dungeon
  4290 | D:5      | Noticed Delanovic's ghost (novice FeCj)
  4369 | D:5      | HP: 4/82 [Delanovic's ghost (8)]
  4373 | D:5      | Killed Delanovic's ghost
  4697 | D:5      | Reached XP level 8. HP: 61/61 MP: 8/8
  4772 | D:5      | Reached skill level 5 in Dodging
  4776 | D:5      | Reached skill level 5 in Fighting
  4877 | D:5      | Noticed Pikel
  4899 | D:5      | Killed Pikel
  5206 | D:5      | Found a blossoming altar of Fedhas.
  5217 | D:5      | Noticed Blork the orc
  5227 | D:5      | Killed Blork the orc
  5924 | D:6      | Reached skill level 1 in Stealth
  5924 | D:6      | Gained mutation: You regenerate magic rapidly. [demonic ancestry]
  5924 | D:6      | Reached XP level 9. HP: 69/69 MP: 9/9
  6341 | D:6      | Noticed DildoBatman's ghost (novice FoEn)
  6389 | D:6      | Killed DildoBatman's ghost
  7381 | D:7      | Found a deep blue altar of Sif Muna.
  7957 | D:7      | Found a staircase to the Ecumenical Temple.
  7972 | Temple   | Entered the Ecumenical Temple
  7979 | Temple   | Became a worshipper of Yredelemnul the Dark
  8038 | D:7      | HP: 1/72 [orc priest/nerve-wracking pain (4)]
  8074 | D:7      | Reached skill level 1 in Invocations
  8263 | D:7      | Got an encrusted rapier
  8265 | D:7      | Identified the cursed +1 rapier "Gittakh" {vamp, +Rage rPois} (You found it on level 7 of the Dungeon)
  8445 | D:8      | Found a hide-covered altar of Uskayaw.
  8587 | D:8      | Reached skill level 1 in Short Blades
  8712 | D:8      | Gained mutation: When low on magic, you restore magic in place of health. [demonic ancestry]
  8712 | D:8      | Reached XP level 10. HP: 49/79 MP: 9/11
  8812 | D:8      | Reached * piety under Yredelemnul
  8823 | D:8      | Found a radiant altar of Vehumet.
  8983 | D:8      | Noticed a two-headed ogre
  8998 | D:8      | Killed a two-headed ogre
  9581 | D:9      | Found Gabac's Gadget Boutique.
  9722 | D:9      | Found Vaisid's Assorted Antiques.
 10057 | D:9      | Found a staircase to the Lair.
 10142 | D:9      | Got a pair of jewelled gloves
 10153 | D:9      | Identified the +1 pair of gloves of Hedge Wizardry {Int+2 Dex+4 SInv} (You found it on level 9 of the Dungeon)
 10178 | D:9      | Found Xayteiz's Weapon Shoppe.
 10212 | D:9      | Found Xuytyiph's General Store.
 10241 | D:9      | Bought a +2 ring mail of poison resistance for 198 gold pieces
 10468 | D:10     | Entered Level 10 of the Dungeon
 10470 | D:10     | Noticed a two-headed ogre
 10558 | D:9      | Killed a two-headed ogre
 10558 | D:9      | Reached skill level 5 in Stealth
 10698 | D:9      | Reached ** piety under Yredelemnul
 11129 | D:10     | Found a staircase to the Orcish Mines.
 11151 | D:10     | Reached skill level 5 in Invocations
 11172 | D:10     | Reached skill level 5 in Short Blades
 11172 | D:10     | Gained mutation: You have a pair of horns on your head. [demonic ancestry]
 11172 | D:10     | Reached XP level 11. HP: 37/86 MP: 12/14
 11731 | D:9      | Bought an embroidered scarf for 208 gold pieces
 11731 | D:9      | Bought a runed falchion for 156 gold pieces
 11766 | D:11     | Found Gef Car's Gadget Shop.
 11773 | D:11     | Reached *** piety under Yredelemnul
 11789 | D:11     | Noticed a cyan ugly thing
 11797 | D:11     | Killed a cyan ugly thing
 12042 | D:11     | Noticed a six-headed hydra
 12053 | D:11     | Killed a three-headed hydra
 12694 | D:11     | Received a gift from Yredelemnul (a mummy)
 13153 | Lair:1   | Entered Level 1 of the Lair of Beasts
 13569 | Lair:1   | HP: 2/89 [porcupine's spines (6)]
 14571 | Lair:1   | Reached XP level 12. HP: 94/96 MP: 17/17
 15580 | Lair:2   | Reached **** piety under Yredelemnul
 15581 | Lair:2   | Received a gift from Yredelemnul (3 flying skulls)
 15880 | Lair:2   | Reached skill level 10 in Long Blades
 15973 | Lair:2   | Received a gift from Yredelemnul (3 flying skulls)
 16047 | Lair:2   | Reached skill level 10 in Fighting
 16333 | Lair:3   | Found a staircase to the Snake Pit.
 16410 | Lair:3   | Received a gift from Yredelemnul (a wight)
 16664 | Lair:3   | Noticed a five-headed hydra
 16669 | Lair:3   | Killed a four-headed hydra
 16737 | Lair:3   | Found a frozen archway.
 16742 | Lair:3   | Killed a five-headed hydra
 16769 | IceCv    | Entered an ice cave
 16775 | IceCv    | Received a gift from Yredelemnul (2 flying skulls)
 17696 | IceCv    | Reached skill level 1 in Shields
 17912 | IceCv    | Noticed a reaper
 18039 | IceCv    | Gained mutation: Your spells are a little harder to cast, but a little more powerful. [potion of mutation]
 18039 | IceCv    | Gained mutation: Your muscles are strong. (Str +2) [potion of mutation]
 18057 | IceCv    | Killed a reaper
 18057 | IceCv    | Reached skill level 10 in Dodging
 18057 | IceCv    | Gained mutation: A demonic guardian rushes to your aid. [demonic ancestry]
 18057 | IceCv    | Reached XP level 13. HP: 100/104 MP: 18/18
 18060 | IceCv    | Got a glittering bronze ring
 18061 | IceCv    | Identified the ring "Puawn" {rElec rN+} (You found it in an ice cave)
 18223 | Lair:3   | Found a staircase to the Swamp.
 18230 | Lair:3   | Received a gift from Yredelemnul (a wraith)
 18670 | Lair:4   | Received a gift from Yredelemnul (a vampire)
 18987 | Lair:4   | You fall through a shaft for 2 floors!
 18987 | Lair:6   | Entered Level 6 of the Lair of Beasts
 19010 | Lair:6   | Found a labyrinth entrance.
 19027 | Lair:6   | Reached ***** piety under Yredelemnul
 19065 | Lair:6   | Lost mutation: Your spells are a little harder to cast, but a little more powerful. [potion of mutation]
 19065 | Lair:6   | Gained mutation: Your mind is acute. (Int +2) [potion of mutation]
 19065 | Lair:6   | Gained mutation: Your muscles are very strong. (Str +4) [potion of mutation]
 19065 | Lair:6   | Gained mutation: You are resistant to hostile enchantments. (MR+) [potion of mutation]
 19082 | Lab      | Entered a labyrinth
 19130 | Lab      | Noticed a minotaur
 19152 | Lab      | Killed a minotaur
 19162 | Lab      | Identified the Handbook of Harmful Boosts
 19162 | Lab      | Identified the Volume of the Torrid Snowflakes
 19163 | Lab      | Found the brooch of Shielding {Reflect SH+8}
 19163 | Lab      | Got a sparkling wooden ring
 19309 | Lab      | Got a pitted chain mail
 19431 | Lair:6   | Received a gift from Yredelemnul (a phantasmal warrior)
 19657 | Lair:6   | Reached skill level 5 in Shields
 19661 | Lair:6   | Found a staircase to the Slime Pits.
 19669 | Lair:6   | Identified the ring "Iphazxuss" {rF+ Dex+2 Stlth+} (You found it in a labyrinth)
 19749 | Lair:6   | Got a pair of shimmering boots
 19750 | Lair:6   | Identified the +1 pair of boots "Dunli" {rN+ Str+3 Dex+3} (You found it on level 6 of the Lair of Beasts)
 19901 | Lair:6   | Received a gift from Yredelemnul (a vampire)
 19930 | Lair:6   | Lost mutation: Your muscles are very strong. (Str +4) [potion of mutation]
 19930 | Lair:6   | Lost mutation: Your muscles are strong. (Str +2) [potion of mutation]
 19930 | Lair:6   | Lost mutation: Your mind is acute. (Int +2) [potion of mutation]
 19930 | Lair:6   | Gained mutation: Your flesh is heat resistant. (rF+) [potion of mutation]
 19930 | Lair:6   | Gained mutation: You are robust. (+10% HP) [potion of mutation]
 20289 | Lair:6   | Identified the +5 chain mail of Winter {*Slow SInv Stlth+} (You found it in a labyrinth)
 20323 | Lair:6   | Learned a level 2 spell: Song of Slaying
 20584 | Lair:5   | Noticed Josephine
 20596 | Lair:5   | Killed Josephine
 20596 | Lair:5   | Reached skill level 1 in Spellcasting
 20596 | Lair:5   | Reached skill level 1 in Charms
 20757 | Lair:5   | Reached ****** piety under Yredelemnul
 20786 | Lair:5   | Reached XP level 14. HP: 124/124 MP: 19/19
 21336 | Lair:4   | Received a gift from Yredelemnul (a vampire)
 21892 | Orc:1    | Entered Level 1 of the Orcish Mines
 21907 | Orc:1    | Received a gift from Yredelemnul (a skeletal warrior)
 21992 | Orc:1    | Found Fefa's Armour Boutique.
 21998 | Orc:1    | Bought the +2 shield of Resistance {rF+ rC+ MR+} for 534 gold pieces
 21998 | Orc:1    | Found the +2 shield of Resistance {rF+ rC+ MR+}
 22200 | Orc:1    | Found a dark tunnel.
 22207 | Volcano  | Entered a volcano
 22226 | Volcano  | Found a burning altar of Makhleb.
 22260 | Volcano  | Received a gift from Yredelemnul (a phantasmal warrior)
 22601 | Orc:2    | Entered Level 2 of the Orcish Mines
 22623 | Orc:2    | Noticed Maurice
 22632 | Orc:2    | Killed Maurice
 22638 | Orc:2    | Received a gift from Yredelemnul (a vampire knight)
 22763 | Orc:2    | Found a staircase to the Elven Halls.
 22788 | Orc:2    | Found a roughly hewn altar of Beogh.
 22792 | Orc:2    | Found Caselag's Assorted Antiques.
 22878 | Orc:2    | Found a roughly hewn altar of Beogh.
 22883 | Orc:2    | Found a runed door.
 22939 | Orc:2    | Found a roughly hewn altar of Beogh.
 23110 | Orc:2    | Found a roughly hewn altar of Beogh.
 23230 | Orc:2    | Found a roughly hewn altar of Beogh.
 23273 | Orc:2    | Found a roughly hewn altar of Beogh.
 23273 | Orc:2    | Found Tiytal's Magic Scroll Shop.
 23296 | Orc:2    | Bought a scroll of acquirement for 572 gold pieces
 23297 | Orc:2    | Got a bloodstained crystal plate armour
 23298 | Orc:2    | Identified the +5 crystal plate armour of Uceble {*Slow rPois rF+++ Regen+} (You acquired it on level 2 of the Orcish Mines)
 23430 | Orc:2    | Noticed Rupert
 23442 | Orc:2    | Killed Rupert
 23513 | Orc:2    | Noticed an orc warlord
 23514 | Orc:2    | Found Hulyamew's Antique Armour Emporium.
 23518 | Orc:2    | Lost mutation: You are robust. (+10% HP) [a neqoxec]
 23538 | Orc:2    | Received a gift from Yredelemnul (a skeletal warrior)
 23539 | Orc:2    | Killed an orc warlord
 23765 | Orc:2    | Found a roughly hewn altar of Beogh.
 23768 | Orc:2    | Found Isarite's Antique Weapon Shoppe.
 23786 | Orc:2    | Bought a polished ring mail for 351 gold pieces
 23796 | Orc:2    | Identified the +4 ring mail of Moral Flaws {Int+7} (You bought it in a shop on level 2 of the Orcish Mines)
 23907 | Orc:2    | Found a roughly hewn altar of Beogh.
 23946 | Orc:2    | Found a roughly hewn altar of Beogh.
 24297 | D:12     | Found Xiseot's General Store.
 24303 | D:12     | Bought a potion of heal wounds for 70 gold pieces
 24912 | D:13     | Received a gift from Yredelemnul (a ghoul)
 24967 | D:13     | Noticed an entropy weaver
 24987 | D:13     | Noticed an entropy weaver
 24995 | D:13     | Killed an entropy weaver
 24998 | D:13     | Killed an entropy weaver
 25049 | D:13     | Received a gift from Yredelemnul (a vampire knight)
 25259 | D:13     | Received a gift from Yredelemnul (a bone dragon)
 25525 | D:13     | Received a gift from Yredelemnul (a skeletal warrior)
 25557 | D:13     | Found a gate to the Vaults.
 25950 | D:14     | Found Yhisuj Rui's Antique Weapon Shop.
 26105 | D:14     | Reached XP level 15. HP: 122/122 MP: 21/21
 26136 | D:14     | Noticed Sonja
 26142 | D:14     | Killed Sonja
 26721 | D:15     | Entered Level 15 of the Dungeon
 26725 | D:15     | Noticed tensugalgo's ghost (journeyman GrGl)
 26739 | D:15     | Killed tensugalgo's ghost
 26806 | D:15     | Received a gift from Yredelemnul (a phantasmal warrior)
 26817 | D:15     | Reached skill level 5 in Charms
 26863 | D:15     | Found a staircase to the Depths.
 26888 | D:15     | Reached skill level 5 in Spellcasting
 27790 | Snake:1  | Entered Level 1 of the Snake Pit
 27799 | Snake:1  | Noticed Nikola
 27811 | Snake:1  | Killed Nikola
 28010 | Snake:1  | Found a basalt altar of Yredelemnul.
 28769 | Slime:1  | Entered Level 1 of the Pits of Slime
 28937 | Snake:2  | Received a gift from Yredelemnul (a vampire)
 29342 | Snake:2  | Noticed Aizul
 29343 | Snake:2  | Noticed Jorgrun
 29351 | Snake:2  | Killed Aizul
 29355 | Snake:2  | Killed Jorgrun
 29621 | Snake:2  | Received a gift from Yredelemnul (a phantasmal warrior)
 29633 | Snake:2  | Noticed Vashnia
 29666 | Snake:2  | Killed Vashnia
 29666 | Snake:2  | Gained mutation: You are surrounded by a moderate repulsion field. (EV +3) [demonic ancestry]
 29666 | Snake:2  | Reached XP level 16. HP: 20/130 MP: 8/25
 30253 | Snake:3  | Received a gift from Yredelemnul (a phantasmal warrior)
 30276 | Snake:3  | Noticed Asterion
 30293 | Snake:3  | Killed Asterion
 30564 | Snake:3  | Received a gift from Yredelemnul (a profane servitor)
 30861 | Snake:3  | Noticed Kirke
 30880 | Snake:3  | Killed Kirke
 31262 | Snake:3  | Noticed Louise
 31273 | Snake:3  | Received a gift from Yredelemnul (a profane servitor)
 31274 | Snake:3  | Killed Louise
 31310 | Snake:3  | Got a brightly glowing double sword
 31314 | Snake:3  | Identified the +6 double sword of Iva Enic {vamp, *Noise +Inv rC+ Str+4} (You acquired it on level 3 of the Snake Pit)
 31599 | Snake:4  | Entered Level 4 of the Snake Pit
 31913 | Snake:4  | Received a gift from Yredelemnul (a phantasmal warrior)
 32381 | Snake:4  | Reached XP level 17. HP: 110/138 MP: 23/27
 32397 | Snake:4  | Reached skill level 10 in Invocations
 32420 | Snake:4  | Received a gift from Yredelemnul (a skeletal warrior)
 32431 | Snake:4  | Reached skill level 10 in Shields
 32462 | Snake:4  | Received a gift from Yredelemnul (a vampire knight)
 32480 | Snake:4  | Got a serpentine rune of Zot
 32804 | Snake:4  | Received a gift from Yredelemnul (a flayed ghost)
 33004 | Swamp:1  | Entered Level 1 of the Swamp
 33810 | Swamp:2  | Received a gift from Yredelemnul (a flayed ghost)
 34129 | Swamp:2  | Got a distressingly furry robe
 34130 | Swamp:2  | Identified the +2 robe "Fyoh" {rF+} (You found it on level 2 of the Swamp)
 34505 | Swamp:3  | Noticed Roxanne
 34519 | Swamp:3  | Killed Roxanne
 34540 | Swamp:3  | Learned a level 3 spell: Ozocubu's Armour
 34834 | Swamp:3  | Received a gift from Yredelemnul (a skeletal warrior)
 35057 | Swamp:4  | Entered Level 4 of the Swamp
 35187 | Swamp:4  | Noticed the 27-headed Lernaean hydra
 35201 | Swamp:4  | Killed the 26-headed Lernaean hydra
 35210 | Swamp:4  | Got a decaying rune of Zot
 35256 | Swamp:4  | Received a gift from Yredelemnul (a profane servitor)
 35265 | Swamp:4  | Got a colourful robe
 35266 | Swamp:4  | Identified the +3 robe "Poumnut" {rF- Dex+5} (You found it on level 4 of the Swamp)
 35653 | Swamp:4  | Got a pair of ancient gloves
 35664 | Swamp:4  | Identified the +0 pair of gloves of Vicabo {rF+++ Str+2 Stlth-} (You acquired it on level 4 of the Swamp)
 36125 | Vaults:1 | Entered Level 1 of the Vaults
 36135 | Vaults:1 | Received a gift from Yredelemnul (a skeletal warrior)
 36165 | Vaults:1 | Got a shimmering tin ring
 36468 | Vaults:1 | Received a gift from Yredelemnul (a flayed ghost)
 36938 | Vaults:1 | Received a gift from Yredelemnul (a flayed ghost)
 36977 | Vaults:1 | Found Tomek's Book Shoppe.
 36998 | Vaults:1 | Received a gift from Yredelemnul (a skeletal warrior)
 37032 | Vaults:1 | Identified the ring "Goxuvaf" {rF+ Str+5 Int+2 SInv} (You took it off a vault sentinel on level 1 of the Vaults)
 37307 | Vaults:1 | Received a gift from Yredelemnul (a vampire knight)
 37311 | Vaults:1 | Gained mutation: You have a pair of large horns on your head. [demonic ancestry]
 37311 | Vaults:1 | Reached XP level 18. HP: 147/147 MP: 30/30
 38356 | Vaults:2 | Reached skill level 1 in Ice Magic
 38394 | Vaults:2 | Received a gift from Yredelemnul (a skeletal warrior)
 38738 | Vaults:2 | Received a gift from Yredelemnul (a vampire knight)
 38928 | Vaults:3 | Received a gift from Yredelemnul (a profane servitor)
 38953 | Vaults:3 | Lost mutation: You are resistant to hostile enchantments. (MR+) [potion of mutation]
 38953 | Vaults:3 | Lost mutation: Your flesh is heat resistant. (rF+) [potion of mutation]
 38953 | Vaults:3 | Gained mutation: Your flesh is cold resistant. (rC+) [potion of mutation]
 38953 | Vaults:3 | Gained mutation: You have large cloven feet. [potion of mutation]
 39154 | Vaults:3 | Received a gift from Yredelemnul (a flayed ghost)
 39162 | Vaults:3 | Noticed Mennas
 39162 | Vaults:3 | Killed Mennas
 39176 | Vaults:3 | Reached skill level 15 in Fighting
 39393 | Vaults:3 | Found Tezxiss's Magic Scroll Emporium.
 39500 | Vaults:3 | Found a staircase to the Crypt.
 39552 | Vaults:3 | Received a gift from Yredelemnul (a flayed ghost)
 39590 | Vaults:3 | Noticed Margery
 39607 | Vaults:3 | Killed Margery
 39701 | Vaults:3 | Reached XP level 19. HP: 155/155 MP: 31/31
 39751 | Vaults:3 | Found a portal to a secret trove of treasure.
 40117 | Crypt:1  | Entered Level 1 of the Crypt
 40117 | Crypt:1  | Found a basalt altar of Yredelemnul.
 40117 | Crypt:1  | Noticed Jory
 40138 | Crypt:1  | Killed Jory
 40204 | Crypt:1  | Received a gift from Yredelemnul (a vampire knight)
 40250 | Crypt:1  | Noticed Donald
 40255 | Crypt:1  | Killed Donald
 40708 | Crypt:2  | Reached skill level 5 in Ice Magic
 40712 | Crypt:2  | Received a gift from Yredelemnul (a flayed ghost)
 40935 | Crypt:2  | Found a transporter.
 40943 | Crypt:2  | Noticed an ancient lich
 40955 | Crypt:2  | Found a transporter.
 40989 | Crypt:2  | Killed an ancient lich
 40990 | Crypt:2  | Received a gift from Yredelemnul (a bone dragon)
 41368 | Crypt:2  | Received a gift from Yredelemnul (a flayed ghost)
 41718 | Crypt:2  | Reached skill level 15 in Long Blades
 41745 | Crypt:2  | Got a brightly glowing copper ring
 41747 | Crypt:2  | Identified the ring "Biuv" {Fire rElec Int+4} (You found it on level 2 of the Crypt)
 42176 | Crypt:3  | Entered Level 3 of the Crypt
 42286 | Crypt:3  | Found a basalt altar of Yredelemnul.
 42338 | Crypt:3  | Received a gift from Yredelemnul (a vampire knight)
 42587 | Crypt:3  | Noticed a profane servitor
 42597 | Crypt:3  | Killed a profane servitor
 42817 | Crypt:3  | Received a gift from Yredelemnul (a bone dragon)
 43196 | Crypt:3  | Found the cursed +13 scythe of Curses {drain, *Curse}
 43259 | Crypt:3  | Received a gift from Yredelemnul (a vampire)
 43298 | Crypt:3  | Noticed a lich
 43308 | Crypt:3  | Killed a lich
 43308 | Crypt:3  | Reached XP level 20. HP: 139/164 MP: 30/32
 43596 | Crypt:3  | Found a staircase to the Tomb.
 43605 | Crypt:3  | Received a gift from Yredelemnul (a vampire knight)
 43713 | Crypt:3  | Noticed a bone dragon
 43723 | Crypt:3  | Killed a bone dragon
 43948 | Vaults:4 | Reached skill level 15 in Dodging
 43952 | Vaults:4 | Received a gift from Yredelemnul (a ghoul)
 44079 | Vaults:4 | Received a gift from Yredelemnul (a profane servitor)
 44259 | Vaults:4 | Received a gift from Yredelemnul (a vampire)
 45237 | Vaults:5 | Entered Level 5 of the Vaults
 45583 | Vaults:5 | Received a gift from Yredelemnul (a phantasmal warrior)
 45623 | Vaults:5 | Received a gift from Yredelemnul (a vampire)
 45650 | Vaults:5 | Received a gift from Yredelemnul (a ghoul)
 45659 | Vaults:5 | HP: 7/166 [iron dragon/spray of metal splinters (22)]
 46111 | Vaults:5 | HP: 2/166 [war gargoyle/great mace (43)]
 46111 | Vaults:5 | Demolished by a cyan very ugly thing

Skill      XL: |  1  2  3  4  5  6  7  8  9 10 11 12 13 14 15 16 17 18 19 20 |
---------------+-------------------------------------------------------------+-----
Long Blades    | 3 4 5 6 8 9 10 11 12 13 14 15 16 | 16.0
Dodging        | 3 4 6 7 8 10 11 12 13 14 15 | 15.6
Fighting       | 3 4 6 7 8 9 10 11 12 13 14 15 16 | 16.7
Stealth        | 1 3 5 7 8 9 |  9.8
Invocations    | 2 5 7 8 9 11 12 | 12.0
Short Blades   | 1 5 |  5.3
Shields        | 2 5 6 8 9 10 11 12 13 | 13.6
Spellcasting   | 1 4 6 7 8 |  8.0
Charms         | 1 4 6 7 8 |  8.0
Ice Magic      | 4 6 7 |  7.0
Throwing       | |  1.7

Action                   |  1- 3 |  4- 6 |  7- 9 | 10-12 | 13-15 | 16-18 | 19-21 || total
-------------------------+-------+-------+-------+-------+-------+-------+-------++-------
Melee: Long sword        |    90 |   116 |    92 |     3 |       |       |       ||   301
       Headbutt          |     5 |    20 |    76 |   285 |   370 |   343 |   238 ||  1337
       Short sword       |       |       |   195 |   316 |     5 |       |       ||   516
       Rapier            |       |       |    84 |       |       |       |       ||    84
       Falchion          |       |       |       |   524 |   121 |       |       ||   645
       Demon blade       |       |       |       |       |   812 |   726 |   166 ||  1704
       Scimitar          |       |       |       |       |     8 |    61 |   384 ||   453
 Cast: Song of Slaying   |       |       |       |       |       |     7 |     9 ||    16
Invok: Animate Remains   |       |       |       |    19 |       |       |       ||    19
       Animate Dead      |       |       |       |    40 |    83 |    88 |    13 ||   224
       Recall Undead Sla |       |       |       |     6 |    31 |    18 |    13 ||    68
       Injury Mirror     |       |       |       |     1 |       |       |       ||     1
       Drain Life        |       |       |       |       |     1 |     2 |     5 ||     8
 Abil: Evoke Berserk Rag |       |       |     1 |       |       |       |       ||     1
Evoke: Wand              |       |     1 |       |     6 |       |       |       ||     7
  Use: Scroll            |     3 |    10 |     5 |    10 |    20 |    17 |     9 ||    74
       Potion            |       |     4 |     6 |     3 |     4 |     2 |     5 ||    24
 Stab: Sleeping          |     1 |     2 |     8 |    12 |    33 |    38 |    11 ||   105
       Distracted        |       |       |     4 |     9 |    32 |    27 |    33 ||   105
       Confused          |       |       |       |       |     2 |       |       ||     2
       Paralysed         |       |       |       |       |     1 |       |     2 ||     3
  Eat: Chunk             |     2 |     5 |    17 |    34 |    36 |    36 |     5 ||   135
       Ration            |       |       |     2 |     4 |     8 |     7 |     7 ||    28
Armor: Leather armour    |    39 |    32 |    83 |    15 |       |       |       ||   169
       Skin              |       |    11 |       |       |       |       |       ||    11
       Ring mail         |       |       |       |   146 |    80 |    29 |       ||   255
       Swamp dragon scal |       |       |       |       |       |    16 |    43 ||    59
Dodge: Dodged            |    97 |    80 |   271 |   784 |   392 |   344 |   351 ||  2319
Block: Buckler           |       |       |       |     9 |   171 |       |       ||   180
       Reflection        |       |       |       |       |    57 |    87 |    11 ||   155
       Shield            |       |       |       |       |   594 |   689 |   705 ||  1988
       Rpst.: Long sword |    30 |    23 |    17 |       |       |       |       ||    70
       Falchion          |       |       |       |   142 |    22 |       |       ||   164
       Demon blade       |       |       |       |       |    62 |    39 |    29 ||   130
       Scimitar          |       |       |       |       |       |     5 |    45 ||    50
